 Dungeon Crawl Stone Soup version 0.29-a0-284-gf9362112df (webtiles) character file.

Game seed: 4835649777483457504

123 being54 the Sneak (level 4, -3/21 HPs)
             Began as a Spriggan Enchanter on Mar 23, 2022.
             Slain by a kobold
             ... wielding a +0 short sword
              (5 damage)
             ... on level 3 of the Dungeon.
             The game lasted 00:04:58 (2189 turns).

being54 the Sneak (Spriggan Enchanter)              Turns: 2189, Time: 00:04:58

Health: -3/21      AC:  3    Str:  4    XL:     4   Next: 79%
Magic:  2/9        EV: 16    Int: 16    God:
Gold:   52         SH:  0    Dex: 17    Spells: 3/8 levels left

rFire   . . .      SeeInvis +   a - +1 dagger
rCold   . . .      Faith    .   (no shield)
rNeg    . . .      Spirit   .   b - +0 robe
rPois   .          Reflect  .   (helmet restricted)
rElec   .          Harm     .   d - +0 cloak
rCorr   .          Rampage  .   (gloves unavailable)
Will    .....                   (boots unavailable)
Stlth   ++++......              (no amulet)
HPRegen 0.07/turn               (no ring)
MPRegen 0.11/turn               (no ring)

@: very slightly contaminated, constricted, invisible, very quick
A: very small, no large weapons, unfitting armour, see invisible, speed 3
a: no special abilities


You were on level 3 of the Dungeon.
You visited 1 branch of the dungeon, and saw 3 of its levels.

You collected 52 gold pieces.

Inventory:

Hand Weapons
 a - a +1 dagger (weapon)
Armour
 b - a +0 robe (worn)
 d - a +0 cloak (worn)
Jewellery
 i - an amulet of reflection
Scrolls
 h - a scroll of blinking {unknown}
Potions
 c - a potion of invisibility
 e - 2 potions of curing {unknown}
 f - a potion of attraction {unknown}
 g - a potion of degeneration {unknown}


   Skills:
 - Level 1.1 Short Blades
 + Level 5.1 Dodging
 + Level 6.8 Stealth
 - Level 2.6 Spellcasting
 - Level 3.6 Hexes


You had 3 spell levels left.
You knew the following spells:

 Your Spells              Type           Power      Damage    Failure   Level
a - Ensorcelled Hibernat  Hex/Ice        14%        N/A       14%         2
b - Tukima's Dance        Hex            13%        N/A       13%         3

Your spell library contained the following spells:

 Spells                   Type           Power      Damage    Failure   Level
 Slow                     Hex            52%        N/A       4%          1
 Confusing Touch          Hex            13%        N/A       13%         3
 Corpse Rot               Necr/Air       4%         N/A       28%         2
 Dazzling Flash           Conj/Hex       14%        N/A       28%         3
 Vampiric Draining        Necr           2%         2d6       50%         3
 Dispel Undead            Necr           2%         3d7       88%         4
 Death Channel            Necr           1%         N/A       100%        6


Dungeon Overview and Level Annotations

Branches:
Dungeon (3/15)

Altars:

Annotations:
D:3 Ijyb


Innate Abilities, Weirdness & Mutations

You are very small and have problems with some larger weapons.
You are too small for most types of armour.
You have supernaturally acute eyesight. (SInv)
You cover ground extremely quickly. (Speed+++)


Message History

Aim: Ijyb, wielding a +0 club, wearing a +0 leather armour and carrying a wand of mindburst (12) (chance to affect: 50%)
You miscast Ensorcelled Hibernation.
You are very lightly contaminated with residual magic.
Nothing appears to happen.
The ball python misses you. The ball python grabs you.
The ball python constricts you.
Unknown command.
You hit the hobgoblin.
The hobgoblin is lightly wounded.
The ball python barely misses you. The ball python constricts you.
Ijyb hits you but does no damage. The hobgoblin misses you.
You barely miss the hobgoblin.
The hobgoblin is lightly wounded.
The ball python bites you but does no damage.
The ball python constricts you. Ijyb hits you with a +0 club.
The hobgoblin barely misses you. The ball python closely misses you.
The ball python constricts you.
You completely miss the hobgoblin.
The hobgoblin is lightly wounded.
The kobold hits you but does no damage. Ijyb hits you with a +0 club.
The ball python misses you. The ball python constricts you.
The hobgoblin barely misses you.
You barely miss the hobgoblin.
The hobgoblin is lightly wounded.
The ball python bites you but does no damage.
The ball python constricts you. Ijyb hits you with a +0 club.
The kobold hits you with a +0 short sword.
The hobgoblin hits you but does no damage.
You fade into invisibility!
The ball python misses you. The ball python constricts you.
The kobold hits you with a +0 short sword.
* * * LOW HITPOINT WARNING * * *
Ijyb barely misses you. The hobgoblin completely misses you.
You hit Ijyb.
Ijyb is lightly wounded.
The ball python misses you. The ball python constricts you.
You hit Ijyb.
Ijyb is lightly wounded.
Ijyb closely misses you. The hobgoblin closely misses you.
The kobold hits you with a +0 short sword.
You die...

## .# ###..##.... #.
..##.......... . #.##.
..#......... .. #.
.###.##........ ..
[#.!#..##..)..... ..
#.#..##..##...... #.
#.###.##)##......
#.##S..#.#..#.†.....
#g@###.$)##........
.....S#gK#.###..........
..... ##.#.#.......#####
.... #..#.......# ...
...........# ..
####.#......# #
#........# .........#
.........#


You could see Ijyb (can't see you), an adder (can't see you), a hobgoblin (can't
see you), a ball python (can't see you) and a kobold (can't see you).

Vanquished Creatures
  Jessica (D:3)
  5 adders
  A gnoll (D:3)
  2 worms (D:2)
  A dart slug (D:2)
  2 ball pythons (D:2)
  An endoplasm (D:2)
  A giant cockroach (D:2)
  5 goblins
  5 hobgoblins
  3 bats
  A frilled lizard (D:3)
  6 kobolds
  6 rats
40 creatures vanquished.

Notes
Turn   | Place    | Note
-------+----------+-------------------------------------------
     0 | D:1      | being54 the Spriggan Enchanter began the quest for the Orb.
     0 | D:1      | Reached XP level 1. HP: 9/9 MP: 5/5
   470 | D:1      | Found a faded altar of an unknown god.
   913 | D:2      | Reached XP level 2. HP: 9/13 MP: 6/6
  1028 | D:2      | Reached skill level 5 in Stealth
  1085 | D:2      | Reached XP level 3. HP: 12/16 MP: 8/8
  1094 | D:2      | Learned a level 2 spell: Ensorcelled Hibernation
  1098 | D:2      | Learned a level 3 spell: Tukima's Dance
  1383 | D:2      | Reached skill level 6 in Stealth
  1741 | D:2      | Reached XP level 4. HP: 20/21 MP: 2/9
  1908 | D:3      | Noticed Jessica
  1911 | D:3      | Killed Jessica
  1970 | D:3      | Reached skill level 5 in Dodging
  2172 | D:3      | Noticed Ijyb
  2189 | D:3      | Slain by a kobold

Illustrated notes

Levels and vault maps discovered:
D:1:      dpeg_arrival_three_same_balls, layout_loops_corners,
          basic_ecumenical_altar
D:2:      layout_basic, chequers_serial_rivers_micro_d
D:3:      layout_basic, minmay_pentomino_pile, uniq_jessica, uniq_ijyb

Skill      XL: |  1  2  3  4 |
---------------+-------------+-----
Dodging        | 3 4 5 |  5.1
Stealth        | 5 6 |  6.8
Short Blades   | |  1.1
Spellcasting   | |  2.6
Hexes          | |  3.6

Action                   |  1- 3 |  4- 6 || total
-------------------------+-------+-------++-------
Melee: Dagger            |    75 |    36 ||   111
 Cast: Ensorcelled Hiber |     7 |     5 ||    12
  Use: Scroll            |     5 |       ||     5
       Potion            |       |     1 ||     1
 Stab: Sleeping          |    14 |     9 ||    23
Armor: Robe              |     8 |     7 ||    15
Dodge: Dodged            |    59 |    36 ||    95

Table legend: (Time is in decaauts)
 A = Elapsed time spent in this place.
 B = Non-inter-level travel time spent in this place.
 C = Inter-level travel time spent in this place.
 D = Time resting spent in this place.
 E = Time spent auto-exploring this place.
 F = Levels seen in this place.
 G = Mean time per level.
                   A        B        C        D        E       F      G
               +--------+--------+--------+--------+--------+-----+--------+
         Total |   1643 |   1614 |     29 |    257 |   1079 |   3 |  547.7 |
       Dungeon |   1643 |   1614 |     29 |    257 |   1079 |   3 |  547.7 |
               +--------+--------+--------+--------+--------+-----+--------+

Top non-repeatable levels by time:
     D:2: 795 daAuts
     D:1: 583 daAuts
     D:3: 264 daAuts
